 Dungeon Crawl Stone Soup version 0.31-a0-963-ga325b2283a (webtiles) character file.

Game seed: 12277466409384777450

5191 Strat the Fighter (level 10, -1/97 HPs)
             Began as a Hill Orc Gladiator on Oct 25, 2023.
             Was an Elder of Okawaru.
             Slain by a hornet (8 damage)
             ... on level 8 of the Dungeon.
             The game lasted 00:19:08 (8129 turns).

Strat the Fighter (Hill Orc Gladiator)              Turns: 8129, Time: 00:19:08

Health: -1/97      AC: 23    Str: 28    XL:     10   Next: 60%
Magic:  16/16      EV: 10    Int:  8    God:    Okawaru [****..]
Gold:   201        SH:  0    Dex: 12    Spells: 9/9 levels left

rFire   . . .        a - +3 flail (protect)
rCold   . . .        (no shield)
rNeg    . . .        q - +0 plate armour
rPois   .            c - +1 helmet
rElec   .            z - +1 cloak {Will+}
rCorr   .            r - +1 pair of gloves
SInv    .            (no boots)
Will    ++...        (no amulet) Stlth
                     v - +6 ring of strength
HPRegen 0.36/turn    p - ring of willpower
MPRegen 0.15/turn

%: no passive effects
@: lethally poisoned (-1 -> -9), about to teleport, heroic, slowed, very slow
A: no striking features
a: Renounce Religion, Convert to Beogh, Heroism, Finesse


You were on level 8 of the Dungeon.
You worshipped Okawaru.
Okawaru was greatly pleased with you.
You visited 2 branches of the dungeon, and saw 10 of its levels.

You collected 432 gold pieces.
You spent 231 gold pieces at shops.

Inventory:

Hand Weapons
 a - a +3 flail of protection (weapon)
 b - the +4 trident "Qoddidewai" {elec, rC+ rCorr Str+3 Stlth+}
   (You found it on level 4 of the Dungeon)

   Str+3:     It affects your strength (+3).
   rC+:       It protects you from cold.
   rCorr:     It protects you from acid and corrosion.
   Stlth+:    It makes you more stealthy.
Missiles
 e - a javelin
 k - a throwing net (quivered)
 m - 3 boomerangs
 x - 2 atropa-tipped darts
Armour
 c - a +1 helmet (worn)
 q - a +0 plate armour (worn)
 r - a +1 pair of gloves (worn)
 u - a +0 chain mail
 z - a +1 cloak of willpower (worn)
Jewellery
 f - a ring of wizardry
 j - a ring of magical power
 p - a ring of willpower (right hand)
 v - a +6 ring of strength (left hand)
Wands
 d - a wand of roots (9)
 o - a wand of charming (10)
 y - a wand of mindburst (6)
Scrolls
 g - a scroll of teleportation
 h - a scroll of poison
 i - a scroll of enchant weapon
 l - 2 scrolls of torment
Potions
 n - 2 potions of lignification
 s - 2 potions of attraction
 t - 2 potions of cancellation
 w - 2 potions of enlightenment


   Skills:
 + Level 11.8(16.8) Fighting
 - Level 3.2(8.2) Maces & Flails
 - Level 1.7(6.7) Throwing
 + Level 8.5(13.5) Armour
 - Level 2.4(7.4) Dodging
 + Level 8.1 Invocations
 + Level 6.2 Evocations


You had 9 spell levels left.
You didn't know any spells.
Your spell library contained the following spells:

 Spells                   Type           Power      Damage    Failure   Level
 Apportation              Tloc           0%         N/A       96%         1
 Necrotise                Necr           0%         1d4       96%         1
 Sting                    Tmut/Pois      0%         1d3       96%         1
 Poisonous Vapours        Pois/Air       0%         N/A       99%         2
 Olgreb's Toxic Radiance  Pois           0%         N/A       100%        4
 Summon Small Mammal      Summ           Unusable   N/A       N/A         1

Dungeon Overview and Level Annotations

Branches:
Dungeon (9/15)             Temple (1/1) D:4            Lair (0/5) D:8
    Orc: D:9-12

Altars:
Ashenzari
Cheibriados
Dithmenos
Fedhas
Gozag
Hepliaklqana
Kikubaaqudgha
Makhleb
Nemelex Xobeh
Okawaru
Qazlal
Sif Muna
Trog
Uskayaw
Vehumet
Wu Jian
Xom
Yredelemnul
Zin
The Shining One

Shops:
D:7 *   D:8 *

Annotations:
D:8 Gastronok


Message History

You feel very sick. The hornet stings you.
* * * LOW HITPOINT WARNING * * *
You suddenly lose the ability to move!
The hornet stings you but does no damage.
You feel very sick.
The hornet stings you but does no damage.
The hornet stings you!
* * * LOW HITPOINT WARNING * * *
You feel as though you will be slow longer.
You can move again.
Okay, then.
You feel very sick. The hornet attacks as it pursues you!
The hornet stings you!
* * * LOW HITPOINT WARNING * * *
You feel as though you will be slow longer.
The hornet stings you but does no damage.
The orc priest shouts, "Beogh is our master!
Accept the truth or die!"
You hit the hornet but do no damage.
Your weapon exudes an aura of protection.
The hornet is severely wounded.
You feel sick.
The hornet stings you but does no damage.
The hornet stings you.
* * * LOW HITPOINT WARNING * * *
You are lethally poisoned!
You feel as though you will be slow longer.
Okay, then.
As you read the scroll of teleportation, it crumbles to dust.
You feel strangely unstable.
* * * LOW HITPOINT WARNING * * *
You feel very sick.
The hornet stings you but does no damage.
The hornet barely misses you.
* * * LOW HITPOINT WARNING * * *
You feel very sick. The hornet attacks as it pursues you!
The hornet stings you but does no damage.
The hornet stings you!
You die...

##.........# ##.........#
....<......# ....[...[..#
..........>## .[..<.......#
............##
##....>......#######
###...........##@..#
####......)...oy.#.#
###...........####.##########
......∩.##+##.# #(........~~#
........#§§≈#.# #.....(...~~#
#####.>.'≈≈§+.# #(......~~~~#
######..#≈§≈### #..).....~~~#
######..##'######.._♣...~~~~#
#...#.....##.....)...~~#


You could see a hornet and an orc priest.

Vanquished Creatures
  Pikel (D:7)
  Maggie (D:6)
  Psyche (D:8)
  A wyvern (D:7)
  Menkaure (D:6)
  A steam dragon (D:6)
  A water moccasin (D:6)
  Duvessa (D:5)
  3 orc warriors
  An ogre (D:4)
  A centaur (D:6)
  A lemure (D:8)
  2 phantoms (D:6)
  Blork the orc (D:5)
  4 bullfrogs (D:7)
  A wyvern zombie (D:6)
  A gnoll sergeant (D:5)
  A water moccasin zombie (D:6)
  8 wights (D:6)
  Dowan (D:5)
  18 killer bees
  2 bullfrog zombies (D:6)
  2 centaur zombies (D:6)
  3 bullfrog skeletons (D:6)
  2 centaur skeletons (D:6)
  3 orc priests
  A hound (D:5)
  3 iguanas
  2 sleepcaps
  Natasha (twice) (D:3)
  8 orc wizards
  A howler monkey zombie (D:6)
  22 gnolls
  8 adders
  3 white imps
  4 ufetubi (D:5)
  4 worms
  2 dart slugs (D:4)
  34 orcs
  6 ball pythons
  5 endoplasms
  6 giant cockroaches
  5 goblins
  8 hobgoblins
  11 jackals
  4 quokkas
  7 bats
  4 frilled lizards
  5 kobolds
  9 rats
227 creatures vanquished.

Notes
Turn   | Place    | Note
-------+----------+-------------------------------------------
     0 | D:1      | Strat the Hill Orc Gladiator began the quest for the Orb.
     0 | D:1      | Reached XP level 1. HP: 18/18 MP: 1/1
    14 | D:1      | Reached skill level 3 in Fighting
    51 | D:1      | Reached XP level 2. HP: 26/26 MP: 2/2
   117 | D:1      | Reached skill level 4 in Fighting
   152 | D:1      | Reached XP level 3. HP: 31/33 MP: 3/3
   861 | D:2      | Reached skill level 5 in Fighting
   889 | D:2      | Reached XP level 4. HP: 40/42 MP: 4/4
   952 | D:2      | Reached skill level 1 in Armour
  1188 | D:2      | Reached XP level 5. HP: 32/48 MP: 5/5
  1599 | D:3      | Noticed Natasha
  1697 | D:3      | Killed Natasha
  1869 | D:3      | Reached skill level 6 in Fighting
  1994 | D:3      | Found a shimmering blue altar of Sif Muna.
  2231 | D:3      | Reached XP level 6. HP: 47/57 MP: 6/6
  2396 | D:3      | Noticed Natasha
  2425 | D:3      | Killed Natasha
  2669 | D:4      | Found a staircase to the Ecumenical Temple.
  2676 | Temple   | Entered the Ecumenical Temple
  2688 | Temple   | Became a worshipper of Warmaster Okawaru
  2760 | D:4      | Found an ancient bone altar of Kikubaaqudgha.
  2870 | D:4      | Identified the +4 trident "Qoddidewai" {elec, rC+ rCorr
                  | Str+3 Stlth+}
  2962 | D:4      | Found a snail-covered altar of Cheibriados.
  2963 | D:4      | Found a hide-covered altar of Uskayaw.
  3297 | D:4      | Reached skill level 7 in Fighting
  3585 | D:4      | Found a shimmering altar of Xom.
  3587 | D:4      | Found a shadowy altar of Dithmenos.
  3665 | D:5      | Entered Level 5 of the Dungeon
  3670 | D:5      | Reached XP level 7. HP: 58/66 MP: 7/7
  3913 | D:5      | Reached * piety under Okawaru
  3920 | D:5      | Reached skill level 5 in Armour
  4260 | D:5      | Reached skill level 8 in Fighting
  4382 | D:5      | Noticed Blork the orc
  4389 | D:5      | Killed Blork the orc
  4704 | D:6      | Reached skill level 9 in Fighting
  4704 | D:6      | Reached XP level 8. HP: 73/78 MP: 8/8
  4738 | D:6      | Reached skill level 1 in Invocations
  4738 | D:6      | Reached skill level 1 in Evocations
  4764 | D:6      | Reached ** piety under Okawaru
  4768 | D:6      | Noticed Duvessa
  4768 | D:6      | Noticed Dowan
  4801 | D:5      | Killed Duvessa
  4805 | D:5      | Killed Dowan
  5209 | D:6      | Reached skill level 10 in Fighting
  5226 | D:6      | Reached XP level 9. HP: 54/85 MP: 10/12
  5236 | D:6      | Reached *** piety under Okawaru
  5493 | D:6      | Reached skill level 5 in Invocations
  5725 | D:6      | Noticed Menkaure
  5734 | D:6      | Killed Menkaure
  5763 | D:6      | Noticed Maggie
  5798 | D:6      | Killed Maggie
  5798 | D:6      | Reached **** piety under Okawaru
  6219 | D:7      | Reached skill level 11 in Fighting
  6361 | D:7      | Reached skill level 5 in Evocations
  6373 | D:7      | Reached XP level 10. HP: 95/95 MP: 13/15
  6388 | D:7      | Found Vuam's General Store.
  6932 | D:7      | Bought a +1 cloak of willpower for 231 gold pieces
  7078 | D:8      | Found Atsoh's Alliterative Armaments.
  7149 | D:8      | Noticed Gastronok
  7149 | D:8      | Noticed Pikel
  7169 | D:7      | Killed Pikel
  7663 | D:8      | You fall into a shaft and drop 1 floor!
  7751 | D:9      | Found a blossoming altar of Fedhas.
  7932 | D:8      | Found an ornate altar of the Wu Jian Council.
  7953 | D:8      | Noticed Psyche
  7974 | D:8      | Killed Psyche
  8118 | D:8      | Paralysed by a hornet for 3 turns
  8124 | D:8      | Paralysed by a hornet for 2 turns
  8129 | D:8      | Slain by a hornet

Illustrated notes

Levels and vault maps discovered:
D:1:      minmay_arrival_four_circles, layout_rooms
D:2:      layout_basic
D:3:      layout_loops_cross, lemuel_blue_sif_altar, uniq_natasha
D:4:      layout_loops_cross, mainiacjoe_overflow_six_doors_small,
          nicolae_overflow_hidden_temple, minmay_temple_entry_grid
D:5:      layout_loops_ring, uniq_blork_the_orc
D:6:      layout_rooms, serial_undead, serial_undead_a, serial_undead_c,
          serial_undead_b, serial_undead_e, serial_undead_c, serial_undead_d,
          serial_undead_c, serial_undead_f, uniq_duvessa, uniq_menkaure,
          uniq_maggie
D:7:      layout_basic, serial_shops, nicolae_shop_waterfront,
          minmay_misc_feat_more_columns
D:8:      layout_layer_cave, nzn_wu_jian_contemplation,
          nicolae_ru_great_annihilating_truth, lair_entry_dummy,
          minmay_liquid_box, minmay_tree_intersection,
          monkooky_shop_alliterative, uniq_gastronok, uniq_pikel, uniq_psyche
D:9:      layout_roguey, mainiacjoe_overflow_24_doors, hex_tiny,
          kennysheep_decorative_pillar
Temple:   hc_temple_tempest_star

Skill      XL: |  1  2  3  4  5  6  7  8  9 10 |
---------------+-------------------------------+-----
Fighting       | 3 4 5 6 7 9 10 11 | 11.8
Armour         | 1 3 4 5 6 7 8 |  8.5
Invocations    | 4 6 8 |  8.1
Evocations     | 3 5 6 |  6.2
Maces & Flails | |  3.2
Throwing       | |  1.7
Dodging        | |  2.4

Action                     |  1- 3 |  4- 6 |  7- 9 | 10-12 || total
---------------------------+-------+-------+-------+-------++-------
  Melee: Flail             |    98 |    26 |    89 |   189 ||   402
         Whip              |    28 |   170 |       |       ||   198
         Punch             |       |     2 |     2 |     4 ||     8
         Trident           |       |    36 |   230 |       ||   266
  Throw: Throwing net      |       |     2 |     1 |     1 ||     4
 Invoke: Heroism           |       |       |     2 |     4 ||     6
  Evoke: Wand              |       |       |     2 |     5 ||     7
    Use: Scroll            |       |     7 |     3 |     6 ||    16
         Potion            |       |     1 |     3 |     1 ||     5
 Armour: Leather armour    |    68 |       |       |       ||    68
         Ring mail         |    19 |   162 |       |       ||   181
         Chain mail        |       |     9 |   350 |    89 ||   448
         Plate armour      |       |       |       |   148 ||   148
  Dodge: Dodged            |    98 |   110 |   205 |   107 ||   520

Table legend: (Time is in decaauts)
 A = Elapsed time spent in this place.
 B = Non-inter-level travel time spent in this place.
 C = Inter-level travel time spent in this place.
 D = Time resting spent in this place.
 E = Time spent auto-exploring this place.
 F = Levels seen in this place.
 G = Mean time per level.
                   A        B        C        D        E       F      G
               +--------+--------+--------+--------+--------+-----+--------+
         Total |   8259 |   7715 |    544 |   1473 |   3843 |  10 |  825.9 |
       Dungeon |   8235 |   7702 |    533 |   1473 |   3843 |   9 |  915.0 |
        Temple |     24 |     13 |     11 |      0 |      0 |   1 |   24.0 |
               +--------+--------+--------+--------+--------+-----+--------+

Top non-repeatable levels by time:
     D:7: 1371 daAuts
     D:5: 1298 daAuts
     D:6: 1254 daAuts
     D:3: 1084 daAuts
     D:4: 985 daAuts
     D:2: 930 daAuts
     D:1: 723 daAuts
     D:8: 358 daAuts
     D:9: 228 daAuts
  Temple: 24 daAuts
